AoeStats
← GGisk

Arena

505340423Analyzed
2v2 RM · 24d ago on Sep 8, 2026· 42m 36s· 4 players
Game mode
Random Map
Map size
Medium (4 player)
Population
200
Speed
Normal
Resources
Standard
Victory
Conquest
Starting age
Dark Age
Ending age
Imperial Age
RankedLock teamsTeams togetherTeam positionsShared explorationLock speedFull tech treeHidden civsTurbo modeCheats
Victory
Defeat
🇦🇷 Malians · Argentina
992
+11
🇦🇷 Cumans · Argentina
813
+19
🇦🇷 Khmer · Argentina
903
-16
🇦🇷 Spanish · Argentina
848
-14
GGisk
11:29 Feudal Age
13:41 Loom
18:39 Castle Age
16:53 Double-Bit Axe
17:01 Horse Collar
19:45 Bow Saw
21:51 Town Watch
24:47 Wheelbarrow
33:42 Hand Cart
36:59 Town Patrol
38:41 Pikeman
AA | Pibeee
10:04 Loom
11:50 Feudal Age
14:58 Castle Age
19:37 Wheelbarrow
18:46 Horse Collar
18:53 Double-Bit Axe
19:16 Husbandry
20:02 Bow Saw
20:15 Heavy Plow
23:54 Bloodlines
25:05 Light Cavalry
28:23 Hand Cart
28:37 Scale Barding Armor
28:54 Ballistics
30:00 Gold Mining
30:04 Stone Mining
37:30 Imperial Age
36:59 Chain Barding Armor
38:47 Heavy Scorpion
40:32 Chemistry
39:38 Siege Engineers
39:48 Forging
pichirica
11:44 Feudal Age
12:52 Horse Collar
15:49 Castle Age
15:18 Gold Mining
15:18 Stone Mining
15:27 Double-Bit Axe
16:45 Stone Mining
17:30 Gold Shaft Mining
16:45 Stone Mining
17:30 Gold Shaft Mining
18:04 Loom
18:39 Fervor
20:21 Loom
21:01 Bow Saw
21:34 Town Watch
21:34 Loom
23:29 Loom
24:19 Heavy Plow
25:33 Wheelbarrow
29:27 Imperial Age
27:36 Gold Shaft Mining
27:36 Stone Shaft Mining
27:36 Gold Shaft Mining
27:36 Stone Shaft Mining
27:22 Forging
27:12 Scale Mail Armor
27:17 Scale Barding Armor
27:40 Scale Barding Armor
28:16 Hand Cart
29:06 Iron Casting
28:31 Scale Mail Armor
29:06 Iron Casting
28:31 Scale Mail Armor
29:51 Bloodlines
29:41 Husbandry
30:20 Farimba
30:44 Chain Barding Armor
31:21 Conscription
31:22 Chain Mail Armor
31:02 Cavalier
33:04 Plate Barding Armor
33:38 Plate Mail Armor
33:11 Squires
34:32 Stone Shaft Mining
33:23 Heavy Camel Rider
37:42 Elite Gbeto
42:37 Chemistry
41:57 Ballistics
Dr. Sexo
13:28 Feudal Age
16:20 Gold Mining
19:25 Castle Age
18:08 Double-Bit Axe
22:14 Capped Ram
23:12 Thumb Ring
23:33 Capped Ram
26:18 Fletching
29:36 Bodkin Arrow
34:08 Padded Archer Armor
34:14 Scale Barding Armor
36:25 Forging
37:25 Ballistics
41:02 Gold Shaft Mining
42:08 Stone Mining
43:00 Wheelbarrow
Connection lost

Rejoining the realm…

Still unreachable

The connection could not be restored.

Session expired

The server has moved on; the page needs a fresh start.